 Dungeon Crawl Stone Soup version 0.30.0-29-ga12c61a403 (webtiles) character file.

Game seed: 16272647933198039523

3962 belegose the Thaumaturge (level 10, -2/80 HPs)
             Began as a Djinni Warper on June 10, 2023.
             Was an Initiate of Gozag.
             Slain by Erica
             ... wielding a +3 scimitar of flaming
              (6 damage)
             ... on level 8 of the Dungeon.
             The game lasted 00:38:17 (8586 turns).

belegose the Thaumaturge (Djinni Warper)            Turns: 8586, Time: 00:38:19

Health: -2/80      AC: 10    Str: 16    XL:     10   Next: 45%
Gold:   742        EV: 11    Int: 20    God:    Gozag SH:  0 Dex: 12

rFire   . . .        a - melded +3 falchion
rCold   + + +        (shield currently unavailable)
rNeg    . . .        C - melded +0 leather armour
rPois   ∞            (helmet currently unavailable)
rElec   .            v - melded scarf {+Inv}
rCorr   .            J - melded +0 pair of gloves
SInv    .            (boots unavailable)
Will    +....        t - amulet of regeneration
Stlth   ++           o - +6 ring of strength
HPRegen 1.13/turn    I - ring of protection from fire
MPRegen 0.00/turn

%: infuse magic (-3 HP)
@: ice-form, flying
A: freezing attack, flying, boosted hp, sickness immunity, large, (fire
resistance 2), (cold vulnerability 1), float, innate caster, HP casting, extra
vitality 1
a: End Transformation, Renounce Religion, Potion Petition, Call Merchant, Bribe
Branch


You were on level 8 of the Dungeon.
You worshipped Gozag.
Gozag was pleased with you.
You were a creature of crystalline ice.
You visited 2 branches of the dungeon, and saw 10 of its levels.
You also visited: Sewer.

You collected 899 gold pieces.
You paid 157 gold pieces to Gozag.

Inventory:

Hand Weapons
 a - a +3 falchion (melded)
 b - a +1 short sword of draining
Missiles
 d - 7 boomerangs of dispersal
 g - 3 boomerangs (quivered)
 k - a curare-tipped dart
 x - 4 javelins
 z - 65 poisoned darts
Armour
 v - a scarf of invisibility (melded)
 C - a +0 leather armour (melded)
 J - a +0 pair of gloves (melded)
Jewellery
 o - a +6 ring of strength (left front paw)
 t - an amulet of regeneration (around neck)
 H - a ring of see invisible
 I - a ring of protection from fire (right front paw)
Wands
 F - a wand of polymorph (17)
 K - a wand of flame (31)
Scrolls
 c - 2 scrolls of blinking
 e - 2 scrolls of fog {unknown}
 f - 2 scrolls of brand weapon {unknown}
 i - a scroll of noise {unknown}
 j - 2 scrolls of immolation {unknown}
 l - a scroll of enchant weapon {unknown}
 n - 3 scrolls of identify
 p - 4 scrolls of magic mapping {unknown}
 s - a scroll of enchant armour {unknown}
 y - 2 scrolls of torment {unknown}
 A - 2 scrolls of acquirement {unknown}
 D - 2 scrolls of summoning {unknown}
 E - a scroll of vulnerability {unknown}
 M - 2 scrolls of teleportation {unknown}
Potions
 h - a potion of haste
 m - a potion of invisibility
 q - 3 potions of heal wounds
 r - 5 potions of lignification
 u - 7 potions of curing
 w - 3 potions of attraction
 B - 2 potions of cancellation
 G - 3 potions of flight
 L - 2 potions of might


   Skills:
 - Level 4.0 Fighting
 - Level 4.0 Long Blades
 - Level 0.7 Throwing
 + Level 2.0 Armour
 - Level 4.0 Dodging
 - Level 4.0 Stealth
 + Level 9.1 Spellcasting
 - Level 4.0 Evocations


You knew the following spells:

 Your Spells              Type           Power      Damage    Failure   Level
a - Summon Small Mammal   Summ           100%       N/A       1%          1
b - Poisonous Vapours     Pois/Air       90%        N/A       1%          2
c - Vhi's Electric Charg  Tloc/Air       90%        N/A       1%          3
d - Teleport Other        Tloc           45%        N/A       1%          3
e - Manifold Assault      Tloc           45%        N/A       1%          4
f - Blink                 Tloc           90%        N/A       1%          2
g - Lesser Beckoning      Tloc           90%        N/A       1%          2
h - Portal Projectile     Hex/Tloc       90%        N/A       1%          3
i - Ice Form              Ice/Tmut       45%        N/A       1%          4
Your spell library was empty.

Dungeon Overview and Level Annotations

Branches:
Dungeon (9/15)             Temple (1/1) D:6           Sewer (visited)
   Lair: D:8-11         Orc: D:9-12

Altars:
Ashenzari
Cheibriados
Dithmenos
Elyvilon
Gozag
Hepliaklqana
Makhleb
Okawaru
Qazlal
Ru
Trog
Uskayaw
Wu Jian
Xom
Yredelemnul
The Shining One

Annotations:
D:7 exclusion: 4 doors
D:8 Erica


Innate Abilities, Weirdness & Mutations

You are a creature of crystalline ice.
You have a powerful freezing melee attack.
You are flying.
Your maximum health is increased.
Your armour is entirely melded.
You are incapable of wielding weapons or throwing items.
You are immune to sickness and miasma.
You are immune to poison.
((Your flesh is very heat resistant. (rF++)))
((You are vulnerable to cold. (rC-)))
You float through the air rather than walking.
You learn spells naturally, not from books.
Your magical power is your life essence.
You have superior vitality. (+4 MHP)


Message History

The bolt of poison hits you but does no damage.
You resist.
Casting: Vhi's Electric Charge (safe; 1% risk of failure)
Confirm with . or Enter, or press ? or * to list all spells.
Space momentarily warps into an impossible shape!
You closely miss Erica. Erica casts a spell at you.
The bolt of poison hits you but does no damage.
You resist.
Unknown command.
Casting: Manifold Assault (dangerous; 2% risk of failure)
Confirm with . or Enter, or press ? or * to list all spells.
Space momentarily warps into an impossible shape!
You barely miss Erica.
Erica hits you with a +3 scimitar of flaming!
* * * LOW HITPOINT WARNING * * *
Unknown command.
Okay, then.
Okay, then.
Okay, then.
Casting: Manifold Assault (dangerous; 2% risk of failure)
Confirm with . or Enter, or press ? or * to list all spells.
You turn into a creature of crystalline ice.
Your +3 falchion melds into your body.
Your scarf of invisibility melds into your body.
Your +0 pair of gloves melds into your body.
Your +0 leather armour melds into your body.
* * * LOW HITPOINT WARNING * * *
Erica hits you with a +3 scimitar of flaming.
* * * LOW HITPOINT WARNING * * *
Erica melts you.
* * * LOW HITPOINT WARNING * * *
Unknown command.
You hit Erica but do no damage.
Erica is moderately wounded.
Erica hits you with a +3 scimitar of flaming!
* * * LOW HITPOINT WARNING * * *
Erica melts you.
You die...
Your body crumbles into a pile of gold.

#...........#.###.............
####............###.(.>.....##
#.#.#####.#..##..........#
#.#.####.###.............#
#.#.#...## ##...###...#####
#.#.#.##.###.#### #...# ###
#.#.#.###.#.#######...###..
#.#.#.# ##.####.......).<..
#.#.#.# #Y##.........###o#
##.#.#.# #@##.#.###..###...
#....#.# ##))....# #..###...
#....#.# #.......# #...##...
#....#.###.###.### #.####...
#..........# #)#####.####...
#.#..#.###)###(>.......##_._
#.#..#.# #..).....[...######
#.#..#.###.#########).#


You could see Erica (very poisoned).

Vanquished Creatures
  A kobold demonologist (D:7)
  A wyvern (D:8)
  Eustachio (D:5)
  A steam dragon (D:7)
  2 water moccasins (D:7)
  A black bear (D:7)
  2 sky beasts
  An ice beast (D:6)
  4 ogres
  A centaur (D:7)
  2 phantoms
  12 kobold brigands
  4 bullfrogs (D:8)
  A scorpion (D:5)
  4 wights
  A howler monkey (D:8)
  3 hounds
  A jelly (D:8)
  5 orc priests
  4 iguanas
  An iron imp (D:4)
  A sleepcap (D:6)
  3 orc wizards
  3 gnolls
  6 adders
  2 shadow imps
  2 white imps (D:7)
  An ufetubus (D:7)
  4 worms
  10 orcs
  4 bats
  9 endoplasms
  3 giant cockroaches
  6 goblins
  4 hobgoblins
  5 quokkas
  6 ball pythons
  A frilled lizard (D:1)
  30 kobolds
  14 rats
167 creatures vanquished.

Notes
Turn   | Place    | Note
-------+----------+-------------------------------------------
     0 | D:1      | belegose the Djinni Warper began the quest for the Orb.
     0 | D:1      | belegose set off with the following spells memorised:
                  | Blink, Lesser Beckoning, Vhi's Electric Charge, Teleport
                  | Other, Manifold Assault.
     0 | D:1      | Reached XP level 1. HP: 18/18 MP: 0/0
    89 | D:1      | Reached XP level 2. HP: 20/23 MP: 0/0
   819 | D:2      | Reached XP level 3. HP: 29/29 MP: 0/0
   819 | D:2      | Learned a level 1 spell: Summon Small Mammal
  1833 | D:3      | Reached XP level 4. HP: 27/34 MP: 0/0
  2233 | D:3      | Found a glowing drain.
  2237 | Sewer    | Entered a sewer
  2306 | Sewer    | Noticed a kobold brigand
  2347 | Sewer    | Killed a kobold brigand
  2348 | Sewer    | Reached skill level 3 in Spellcasting
  2348 | Sewer    | Reached XP level 5. HP: 33/40 MP: 0/0
  2348 | Sewer    | Learned a level 2 spell: Poisonous Vapours
  2502 | Sewer    | Noticed a kobold brigand
  2502 | Sewer    | Noticed a kobold brigand
  2517 | Sewer    | Killed a kobold brigand
  2518 | Sewer    | Reached XP level 6. HP: 42/47 MP: 0/0
  2624 | Sewer    | Reached XP level 7. HP: 43/52 MP: 0/0
  2624 | Sewer    | Learned a level 3 spell: Portal Projectile
  2766 | Sewer    | Reached skill level 4 in Spellcasting
  2871 | Sewer    | Reached XP level 8. HP: 58/58 MP: 0/0
  3371 | D:3      | Reached skill level 5 in Spellcasting
  3971 | D:4      | Reached skill level 1 in Evocations
  4166 | D:4      | Found a hazy altar of Hepliaklqana.
  4178 | D:4      | Found a hide-covered altar of Uskayaw.
  4251 | D:4      | Found a snail-covered altar of Cheibriados.
  4354 | D:5      | Entered Level 5 of the Dungeon
  5430 | D:5      | Noticed Eustachio
  5449 | D:5      | Killed Eustachio
  5450 | D:5      | Reached skill level 6 in Spellcasting
  5450 | D:5      | Reached XP level 9. HP: 24/62 MP: 0/0
  5450 | D:5      | Learned a level 4 spell: Ice Form
  6063 | D:6      | Found a staircase to the Ecumenical Temple.
  6102 | D:6      | Reached skill level 7 in Spellcasting
  6325 | D:6      | Reached skill level 1 in Stealth
  6644 | Temple   | Entered the Ecumenical Temple
  6707 | Temple   | Became a worshipper of Gozag Ym Sagoz the Greedy
  6813 | D:7      | Found a burning altar of Makhleb.
  6934 | D:7      | Noticed a deep elf pyromancer
  7070 | D:7      | Noticed a kobold demonologist
  7081 | D:7      | Noticed a sun demon
  7090 | D:7      | Killed a kobold demonologist
  7173 | D:7      | Reached XP level 10. HP: 65/67 MP: 0/0
  7349 | D:7      | Reached skill level 8 in Spellcasting
  7641 | D:8      | Found a white marble altar of Elyvilon.
  7864 | D:8      | Reached skill level 9 in Spellcasting
  7899 | D:8      | Found a bloodstained altar of Trog.
  7900 | D:8      | Found an iron altar of Okawaru.
  7939 | D:7      | Noticed a gargoyle
  8261 | D:8      | Found an ornate altar of the Wu Jian Council.
  8543 | D:9      | Noticed Erica
  8586 | D:8      | HP: 4/80 [Erica/+3 scimitar of flaming (14)]
  8586 | D:8      | Slain by Erica

Illustrated notes

Levels and vault maps discovered:
D:1:      lightli_arrival_chessboard, layout_loops_ring
D:2:      layout_loops_ring, minmay_misc_feat_alley
D:3:      layout_basic, gup_sewer_entry_bowl, minmay_between
D:4:      layout_gridville, minmay_overflow_temple_star_quad,
          chei_slow_surprise, nrook_mini_backslash
D:5:      layout_layer_cave, minmay_strange_pillars, uniq_eustachio
D:6:      layout_rooms, minmay_temple_entry_glassed_door, grunt_ministairs_6,
          hangedman_decor_growths
D:7:      minmay_the_grid_plus_closed [minmay_the_grid_all_tris,
          minmay_the_grid_doors, minmay_the_grid_diamond_grid,
          minmay_the_grid_fan, minmay_the_grid_prize_big_room], layout_rooms,
          mainiacjoe_overflow_tiny_flanked
D:8:      layout_loops_ring, grunt_temple_overflow_bloody_war, elyvilon_altar_5,
          pdpol_wu_jian_five_deadly_venoms
D:9:      kennysheep_big_flooded_room, layout_basic,
          fedhas_bush_and_centaur_altar, nemelex_altar_shiori, uniq_erica,
          uniq_grum
Temple:   cyrus_temple_forest

Skill      XL: |  1  2  3  4  5  6  7  8  9 10 |
---------------+-------------------------------+-----
Long Blades    | 2 3 4 |  4.0
Fighting       | 3 4 |  4.0
Spellcasting   | 3 4 6 7 9 |  9.1
Dodging        | 4 |  4.0
Evocations     | 3 4 |  4.0
Stealth        | 3 4 |  4.0
Armour         | 2 |  2.0
Throwing       | |  0.7

Action                     |  1- 3 |  4- 6 |  7- 9 | 10-12 || total
---------------------------+-------+-------+-------+-------++-------
  Melee: Falchion          |   112 |    86 |    36 |    12 ||   246
         Punch             |     2 |     2 |     8 |       ||    12
         Short sword       |       |       |   111 |       ||   111
         Unarmed           |       |       |   109 |   116 ||   225
  Throw: Boomerang         |       |    10 |    19 |       ||    29
         Dart              |       |     5 |       |       ||     5
         Javelin           |       |     4 |       |       ||     4
   Cast: Blink             |       |     1 |     1 |       ||     2
         Poisonous Vapours |       |    20 |    93 |    12 ||   125
         Teleport Other    |       |       |     4 |       ||     4
         Vhi's Electric Ch |       |       |     2 |     1 ||     3
         Summon Small Mamm |       |       |     2 |       ||     2
         Ice Form          |       |       |    11 |     8 ||    19
         Manifold Assault  |       |       |       |     2 ||     2
    Use: Scroll            |       |       |     8 |       ||     8
         Potion            |       |       |       |     1 ||     1
 Armour: Leather armour    |    25 |     9 |    25 |       ||    59
         Skin              |       |       |    41 |    58 ||    99
  Dodge: Dodged            |    77 |    39 |   154 |    55 ||   325
